TOP OF THE 1ST |
York Revolution batting - Pitching for Detroit Red Wings : RHP Edwin Torres
|
Pitching: RHP Edwin Torres
|
|
Batting: LHB Matt Urbanek
|
0-0: Ball 1-0: Foul Ball, location: 2F 1-1: Fly out, F2 (Popup, 15S, EV 86.2 MPH)
|
Batting: RHB Juan Valadez
|
0-0: Ball 1-0: Ball 2-0: Foul Ball, location: 2F 2-1: Foul Ball, location: 2F 2-2: Foul Ball, location: 2F 2-2: Foul Ball, location: 2F 2-2: Fly out, F8 (Flyball, 8RXD, EV 110.6 MPH)
|
Batting: RHB Chris Myers
|
0-0: Foul Ball, location: 2F 0-1: Ball 1-1: Ground out 6-3 (Groundball, 6, EV 89.4 MPH)
|
Top of the 1st over - 0 runs, 0 hits, 0 errors, 0 left on base; York 0 - Detroit 0 |
BOTTOM OF THE 1ST |
Detroit Red Wings batting - Pitching for York Revolution : LHP Chad Mroczkowski
|
Pitching: LHP Chad Mroczkowski
|
|
Batting: RHB Alex Duarte
|
0-0: Called Strike 0-1: Ball 1-1: Ball 2-1: Ball 3-1: Base on Balls
|
Batting: RHB Carlos Avila
|
0-0: Ball 1-0: Ball 2-0: Ball 3-0: Called Strike 3-1: Foul Ball, location: 2F 3-2: Strikes out swinging Alex Duarte steals 2nd base Batter strikes out.
|
Batting: RHB John Barton
|
0-0: Ball 1-0: Called Strike 1-1: Foul Ball, location: 2F 1-2: Foul Ball, location: 2F 1-2: Ball 2-2: Foul Ball, location: 2F 2-2: Strikes out looking
|
Batting: RHB Jorge Lebron
|
0-0: Ball 1-0: Called Strike 1-1: Swinging Strike 1-2: Ball 2-2: Fly out, F9 (Flyball, 9S, EV 91.2 MPH)
|
Bottom of the 1st over - 0 runs, 0 hits, 0 errors, 1 left on base; York 0 - Detroit 0 |
TOP OF THE 2ND |
York Revolution batting - Pitching for Detroit Red Wings : RHP Edwin Torres
|
Batting: RHB Trent Hedrick
|
0-0: Ball 1-0: Fly out, F9 (Line Drive, 9S, EV 95.6 MPH)
|
Batting: RHB Tony Perez
|
0-0: Called Strike 0-1: Called Strike 0-2: Ball 1-2: Ball 2-2: Hit by Pitch
|
Batting: RHB Jose Corral
|
0-0: Ball 1-0: Foul Ball, location: 2F 1-1: Ball 2-1: Ball 3-1: Base on Balls Tony Perez to second
|
Batting: RHB Joel Gomez
|
0-0: Called Strike 0-1: Swinging Strike 0-2: Ball 1-2: Strikes out swinging
|
Batting: RHB Ivan Barrientos
|
0-0: Foul Ball, location: 2F 0-1: Fly out, F3 (Popup, 3SF, EV 75.0 MPH)
|
Top of the 2nd over - 0 runs, 0 hits, 0 errors, 2 left on base; York 0 - Detroit 0 |
BOTTOM OF THE 2ND |
Detroit Red Wings batting - Pitching for York Revolution : LHP Chad Mroczkowski
|
Batting: SHB Isaiah Bias
|
0-0: Called Strike 0-1: Ball 1-1: Called Strike 1-2: Strikes out swinging
|
Batting: RHB António Scarlett
|
0-0: Called Strike 0-1: Swinging Strike 0-2: Foul Ball, location: 2F 0-2: Foul Ball, location: 2F 0-2: Ball 1-2: Ball 2-2: SINGLE (Groundball, 4MD, EV 98.1 MPH)
|
Batting: SHB Franklin Garza
|
0-0: 2-RUN HOME RUN (Flyball, 89XD, EV 105.0 MPH), Distance : 421 ft
|
Batting: RHB Yankel Pensak
|
0-0: Ball 1-0: Ball 2-0: Foul Ball, location: 2F 2-1: Ball 3-1: Foul Ball, location: 2F 3-2: Fly out, F7 (Flyball, 78M, EV 90.6 MPH)
|
Batting: LHB Duda Pinho
|
0-0: Ball 1-0: Ball 2-0: Fly out, F8 (Line Drive, 78M, EV 93.1 MPH)
|
Bottom of the 2nd over - 2 runs, 2 hits, 0 errors, 0 left on base; York 0 - Detroit 2 |
TOP OF THE 3RD |
York Revolution batting - Pitching for Detroit Red Wings : RHP Edwin Torres
|
Batting: LHB Travis Hahn
|
0-0: Called Strike 0-1: Called Strike 0-2: Ball 1-2: Strikes out swinging, 2-3 out at first.
|
Batting: LHB Matt Urbanek
|
0-0: Ball 1-0: Called Strike 1-1: Called Strike 1-2: Ground out 6-3 (Groundball, 56, EV 91.2 MPH)
|
Batting: RHB Juan Valadez
|
0-0: Ball 1-0: Ball 2-0: Foul Ball, location: 2F 2-1: Foul Ball, location: 2F 2-2: Ball 3-2: Fly out, F4 (Popup, 34, EV 58.1 MPH)
|
Top of the 3rd over - 0 runs, 0 hits, 0 errors, 0 left on base; York 0 - Detroit 2 |
BOTTOM OF THE 3RD |
Detroit Red Wings batting - Pitching for York Revolution : LHP Chad Mroczkowski
|
Batting: RHB Alex Duarte
|
0-0: Called Strike 0-1: Ball 1-1: Ball 2-1: Ball 3-1: Ground out 6-3 (Groundball, 6M, EV 83.8 MPH)
|
Batting: RHB Carlos Avila
|
0-0: Called Strike 0-1: Ball 1-1: Ball 2-1: Foul Ball, location: 2F 2-2: Foul Ball, location: 2F 2-2: Fly out, F7 (Flyball, 7, EV 90.0 MPH)
|
Batting: RHB John Barton
|
0-0: Foul Ball, location: 2F 0-1: Foul Ball, location: 2F 0-2: SOLO HOME RUN (Flyball, 7D, EV 103.1 MPH), Distance : 402 ft
|
Batting: RHB Jorge Lebron
|
0-0: Fly out, F7 (Flyball, 7D, EV 96.9 MPH)
|
Bottom of the 3rd over - 1 run, 1 hit, 0 errors, 0 left on base; York 0 - Detroit 3 |
TOP OF THE 4TH |
York Revolution batting - Pitching for Detroit Red Wings : RHP Edwin Torres
|
Batting: RHB Chris Myers
|
0-0: Ball 1-0: Ball 2-0: Ball 3-0: Called Strike 3-1: Foul Ball, location: 2F 3-2: Strikes out swinging
|
Batting: RHB Trent Hedrick
|
0-0: Swinging Strike 0-1: Ground out 6-3 (Groundball, 6, EV 83.8 MPH)
|
Batting: RHB Tony Perez
|
0-0: Called Strike 0-1: Called Strike 0-2: DOUBLE (Flyball, 89XD, EV 100.6 MPH)
|
Batting: RHB Jose Corral
|
0-0: SINGLE (Line Drive, 4MD, EV 104.4 MPH) Tony Perez to third Runner from 3rd tries for Home, SAFE, throw by CF to home Jose Corral to second
|
Batting: RHB Joel Gomez
|
0-0: Ball 1-0: Fly out, F3 (Popup, 3SF, EV 75.6 MPH)
|
Top of the 4th over - 1 run, 2 hits, 0 errors, 1 left on base; York 1 - Detroit 3 |
BOTTOM OF THE 4TH |
Detroit Red Wings batting - Pitching for York Revolution : LHP Chad Mroczkowski
|
Batting: SHB Isaiah Bias
|
0-0: Ball 1-0: Called Strike 1-1: Reached on error, E6 (Groundball, 6, EV 110.6 MPH)
|
Batting: RHB António Scarlett
|
0-0: Called Strike 0-1: SINGLE (Groundball, 56, EV 103.1 MPH) (infield hit) Isaiah Bias to third
|
Batting: SHB Franklin Garza
|
0-0: Fly out, F8 (Flyball, 8LM, EV 82.5 MPH) Runner from 3rd tags up, SCORES, throw by CF
|
Batting: RHB Yankel Pensak
|
0-0: Foul Ball, location: 2F 0-1: Ball Wild Pitch! António Scarlett to second 1-1: Ground out 5-3 (Groundball, 56, EV 91.9 MPH)
|
Batting: LHB Duda Pinho
|
0-0: Called Strike 0-1: SINGLE (Groundball, 6M, EV 104.4 MPH) António Scarlett to third Runner from 3rd tries for Home, throw by CF and OUT! 8-2
|
Bottom of the 4th over - 1 run, 2 hits, 1 error, 1 left on base; York 1 - Detroit 4 |
TOP OF THE 5TH |
York Revolution batting - Pitching for Detroit Red Wings : RHP Edwin Torres
|
Batting: RHB Ivan Barrientos
|
0-0: Called Strike 0-1: Foul Ball, location: 2F 0-2: Ground out 6-3 (Groundball, 6, EV 100.0 MPH)
|
Batting: LHB Travis Hahn
|
0-0: Called Strike 0-1: Ball 1-1: Ball 2-1: Called Strike 2-2: Ball 3-2: Ground out 3-1 (Groundball, 34S, EV 83.1 MPH)
|
Batting: LHB Matt Urbanek
|
0-0: Swinging Strike 0-1: Fly out, F8 (Line Drive, 8RS, EV 90.0 MPH)
|
Top of the 5th over - 0 runs, 0 hits, 0 errors, 0 left on base; York 1 - Detroit 4 |
BOTTOM OF THE 5TH |
Detroit Red Wings batting - Pitching for York Revolution : LHP Chad Mroczkowski
|
Batting: RHB Alex Duarte
|
0-0: Ball 1-0: Ball 2-0: Called Strike 2-1: Ground out 6-3 (Groundball, 56, EV 85.0 MPH)
|
Batting: RHB Carlos Avila
|
0-0: Swinging Strike 0-1: Ball 1-1: Ground out 6-3 (Groundball, 6, EV 83.1 MPH)
|
Batting: RHB John Barton
|
0-0: Called Strike 0-1: Ball 1-1: Foul Ball, location: 2F 1-2: SINGLE (Line Drive, 56D, EV 96.2 MPH)
|
Pitching: RHP Si-dao Xia
|
|
Batting: RHB Jorge Lebron
|
0-0: Called Strike 0-1: Called Strike 0-2: Foul Ball, location: 2F 0-2: Ground out 6-3 (Groundball, 6M, EV 91.9 MPH)
|
Bottom of the 5th over - 0 runs, 1 hit, 0 errors, 1 left on base; York 1 - Detroit 4 |
TOP OF THE 6TH |
York Revolution batting - Pitching for Detroit Red Wings : RHP Edwin Torres
|
Batting: RHB Juan Valadez
|
0-0: Called Strike 0-1: SINGLE (Flyball, 8LS, EV 93.8 MPH)
|
Batting: RHB Chris Myers
|
0-0: Fly out, F9 (Flyball, 89S, EV 87.5 MPH)
|
Batting: RHB Trent Hedrick
|
0-0: Ball Wild Pitch! Juan Valadez to second 1-0: Ball 2-0: Foul Ball, location: 2F 2-1: Called Strike 2-2: SINGLE (Groundball, 56D, EV 101.2 MPH) Juan Valadez to third
|
Batting: RHB Tony Perez
|
0-0: Foul Ball, location: 2F 0-1: Ball 1-1: DOUBLE (Flyball, 89D, EV 112.5 MPH) Juan Valadez scores Trent Hedrick to third
|
Pinch Runner at 2nd Victor Estrada:
|
|
Batting: RHB Jose Corral
|
0-0: Foul Ball, location: 2F 0-1: Fly out, F7 (Flyball, 7S, EV 90.0 MPH)
|
Batting: RHB Joel Gomez
|
0-0: Ball 1-0: Ball 2-0: Ball 3-0: Called Strike 3-1: Foul Ball, location: 2F 3-2: Ground out 6-3 (Groundball, 6, EV 80.6 MPH)
|
Top of the 6th over - 1 run, 3 hits, 0 errors, 2 left on base; York 2 - Detroit 4 |
BOTTOM OF THE 6TH |
Detroit Red Wings batting - Pitching for York Revolution : RHP Si-dao Xia
|
Now at 3B: Jesse Sargent
|
|
Batting: SHB Isaiah Bias
|
0-0: Ball 1-0: Ball 2-0: Called Strike 2-1: Ball 3-1: Foul Ball, location: 2F 3-2: Strikes out swinging, 2-3 out at first.
|
Batting: RHB António Scarlett
|
0-0: Ball 1-0: Foul Ball, location: 2F 1-1: Foul Ball, location: 2F 1-2: Ball 2-2: Ball 3-2: Foul Ball, location: 2F 3-2: Base on Balls
|
Batting: SHB Franklin Garza
|
0-0: Called Strike 0-1: Ball 1-1: Called Strike 1-2: Foul Ball, location: 2F 1-2: Strikes out swinging
|
Batting: RHB Yankel Pensak
|
0-0: Foul Ball, location: 2F 0-1: DOUBLE (Line Drive, 78XD, EV 101.9 MPH) António Scarlett to third Runner from 3rd tries for Home, SAFE, throw by CF to trailing runner, SAFE at third!
|
Batting: LHB Duda Pinho
|
0-0: Ball 1-0: Called Strike 1-1: Foul Ball, location: 2F 1-2: Foul Ball, location: 2F 1-2: Ball 2-2: Fly out, F6 (Line Drive, 6, EV 69.4 MPH)
|
Bottom of the 6th over - 1 run, 1 hit, 0 errors, 1 left on base; York 2 - Detroit 5 |
TOP OF THE 7TH |
York Revolution batting - Pitching for Detroit Red Wings : RHP Edwin Torres
|
Pitching: LHP Xi-tong Ku
|
|
Batting: RHB Ivan Barrientos
|
0-0: Called Strike 0-1: Ball 1-1: Foul Ball, location: 2F 1-2: Fly out, F5 (Popup, 5SF, EV 83.1 MPH)
|
Batting: LHB Travis Hahn
|
0-0: Ball 1-0: Foul Ball, location: 2F 1-1: Ball 2-1: Foul Ball, location: 2F 2-2: Foul Ball, location: 2F 2-2: Ball 3-2: Fly out, F7 (Flyball, 7LDF, EV 88.1 MPH)
|
Batting: LHB Matt Urbanek
|
0-0: Called Strike 0-1: Foul Ball, location: 2F 0-2: Ball 1-2: Strikes out swinging
|
Top of the 7th over - 0 runs, 0 hits, 0 errors, 0 left on base; York 2 - Detroit 5 |
BOTTOM OF THE 7TH |
Detroit Red Wings batting - Pitching for York Revolution : RHP Si-dao Xia
|
Batting: RHB Alex Duarte
|
0-0: Swinging Strike 0-1: Ball 1-1: Ball 2-1: Swinging Strike 2-2: Strikes out swinging
|
Batting: RHB Carlos Avila
|
0-0: Called Strike 0-1: Ball 1-1: Swinging Strike 1-2: Foul Ball, location: 2F 1-2: Strikes out swinging
|
Batting: RHB John Barton
|
0-0: Swinging Strike 0-1: Called Strike 0-2: Ball 1-2: Strikes out swinging
|
Bottom of the 7th over - 0 runs, 0 hits, 0 errors, 0 left on base; York 2 - Detroit 5 |
TOP OF THE 8TH |
York Revolution batting - Pitching for Detroit Red Wings : LHP Xi-tong Ku
|
Pitching: RHP Ramiro Silva
|
|
Batting: RHB Juan Valadez
|
0-0: Ground out 6-3 (Groundball, 6, EV 95.6 MPH)
|
Batting: RHB Chris Myers
|
0-0: Called Strike 0-1: Ball 1-1: Foul Ball, location: 2F 1-2: Foul Ball, location: 2F 1-2: Ball 2-2: Ball 3-2: Foul Ball, location: 2F 3-2: Foul Ball, location: 2F 3-2: Ground out 4-3 (Groundball, 6M, EV 93.1 MPH)
|
Batting: RHB Trent Hedrick
|
0-0: Ball 1-0: Foul Ball, location: 2F 1-1: Foul Ball, location: 2F 1-2: SINGLE (Line Drive, 3D, EV 95.0 MPH)
|
Batting: RHB Jesse Sargent
|
0-0: Foul Ball, location: 2F 0-1: Ball 1-1: Swinging Strike 1-2: Foul Ball, location: 2F 1-2: Strikes out swinging
|
Top of the 8th over - 0 runs, 1 hit, 0 errors, 1 left on base; York 2 - Detroit 5 |
BOTTOM OF THE 8TH |
Detroit Red Wings batting - Pitching for York Revolution : RHP Si-dao Xia
|
Batting: RHB Jorge Lebron
|
0-0: Called Strike 0-1: Swinging Strike 0-2: Strikes out swinging
|
Batting: SHB Isaiah Bias
|
0-0: Ball 1-0: Foul Ball, location: 2F 1-1: Ball 2-1: Foul Ball, location: 2F 2-2: Fly out, F9 (Flyball, 9LSF, EV 71.9 MPH)
|
Batting: RHB António Scarlett
|
0-0: Ball 1-0: Ball 2-0: Ball 3-0: Base on Balls
|
Pitching: RHP Joe Morse
|
|
Batting: SHB Franklin Garza
|
0-0: SINGLE (Line Drive, 4M, EV 94.4 MPH) António Scarlett to second Runner from 2nd tries for 3rd, SAFE, throw by CF made to third
|
Batting: RHB Yankel Pensak
|
0-0: Called Strike 0-1: Foul Ball, location: 2F 0-2: Strikes out swinging
|
Bottom of the 8th over - 0 runs, 1 hit, 0 errors, 2 left on base; York 2 - Detroit 5 |
TOP OF THE 9TH |
York Revolution batting - Pitching for Detroit Red Wings : RHP Ramiro Silva
|
Batting: RHB Jose Corral
|
0-0: Ball 1-0: Ball 2-0: Foul Ball, location: 2F 2-1: Foul Ball, location: 2F 2-2: Ball 3-2: Foul Ball, location: 2F 3-2: Foul Ball, location: 2F 3-2: Fly out, F9 (Flyball, 89S, EV 88.1 MPH)
|
Batting: RHB Joel Gomez
|
0-0: Called Strike 0-1: Called Strike 0-2: Strikes out swinging
|
Batting: RHB Ivan Barrientos
|
0-0: Ball 1-0: Swinging Strike 1-1: Foul Ball, location: 2F 1-2: Strikes out swinging
|
Top of the 9th over - 0 runs, 0 hits, 0 errors, 0 left on base; York 2 - Detroit 5 |
|